 Dungeon Crawl Stone Soup version 0.22-a0-833-g8522bf8 (webtiles) character file.

187 theanonym the Chopper (level 5, -1/41 HPs)
             Began as a Mummy Warper on July 25, 2018.
             Was a Follower of Qazlal.
             Slain by a hobgoblin
             ... wielding a +0 club
              (2 damage)
             ... on level 3 of the Dungeon.
             The game lasted 00:04:45 (4770 turns).

theanonym the Chopper (Mummy Warper)                Turns: 4770, Time: 00:04:46

Health: -1/41      AC:  1    Str: 16    XL:     5   Next: 39%
Magic:  9/9        EV: 12    Int: 12    God:    Qazlal [*.....]
Gold:   94         SH:  1    Dex: 11    Spells: 9/9 levels left

rFire    x x .     SeeInvis .   a - +0 hand axe
rCold    + + .     Gourm    .   (no shield)
rNeg     + + +     Faith    .   (no armour)
rPois    ∞         Spirit   .   d - +0 helmet
rElec    .         Reflect  .   (no cloak)
rCorr    .         Harm     .   (no gloves)
MR       .....                  (no boots)
Stlth    +.........             j - amulet of the acrobat
HPRegen  0.13/turn              f - ring of ice
MPRegen  0.11/turn              (no ring)

@: no status effects
A: no food or potions, fire vulnerability, cold resistance 1, negative energy
resistance 3, torment resistance, unbreathing
a: Renounce Religion


Innate Abilities, Weirdness & Mutations

You do not eat or drink.
Your flesh is vulnerable to fire.
You are immune to poison.
Your flesh is cold resistant. (rC+)
You are immune to negative energy. (rN+++)
You are immune to unholy pain and torment.
You can survive without breathing.


   Skills:
 + Level 3.5 Fighting
 * Level 4.0 Axes
 - Level 0.7 Throwing
 - Level 0.7 Armour
 - Level 1.5 Dodging
 - Level 2.6 Spellcasting
   Level 2.4 Translocations


You had 9 spell levels left.
You didn't know any spells.
Your spell library contained the following spells:

 Spells                   Type           Power        Failure   Level  Hunger
 Teleport Other           Tloc           #.......     28%         3    N/A
 Blink                    Tloc           N/A          14%         2    N/A
 Passage of Golubria      Tloc           N/A          67%         4    N/A
 Shroud of Golubria       Chrm/Tloc      #.........   24%         2    N/A
 Gell's Gravitas          Tloc           #.........   28%         3    N/A
 Lesser Beckoning         Tloc           #.........   28%         3    N/A

Skill      XL: |  1  2  3  4  5 |
---------------+----------------+-----
Axes           | 2 3 4 |  4.0
Fighting       | 3 |  3.5
Throwing       | |  0.7
Armour         | |  0.7
Dodging        | |  1.5
Spellcasting   | |  2.6
Translocations | |  2.4

Action                   |  1- 3 |  4- 6 || total
-------------------------+-------+-------++-------
Melee: Hand axe          |   159 |   148 ||   307
  Use: Scroll            |       |     3 ||     3
 Stab: Sleeping          |     1 |       ||     1
Armor: Leather armour    |    40 |       ||    40
       Ring mail         |     6 |    27 ||    33
       Skin              |       |     7 ||     7
Dodge: Dodged            |    93 |   127 ||   220

Inventory:

Hand Weapons
 a - a +0 hand axe (weapon)
Missiles
 e - 5 tomahawks of dispersal (quivered)
Armour
 b - a +0 leather armour
 d - a +0 helmet (worn)
   (You took it off Robin on level 3 of the Dungeon)
 g - a +0 ring mail
   (You found it on level 2 of the Dungeon)
 l - a +0 scale mail
   (You took it off a goblin on level 3 of the Dungeon)
Jewellery
 f - a ring of ice (left hand)
   (You found it on level 2 of the Dungeon)
 j - an amulet of the acrobat (around neck)
   (You found it on level 3 of the Dungeon)
Scrolls
 c - a scroll of remove curse {unknown}
 h - a scroll of random uselessness {unknown}
 i - a scroll of magic mapping {unknown}
 k - a scroll of identify {unknown}
 B - a scroll of blinking


You were on level 3 of the Dungeon.
You worshipped Qazlal.
Qazlal was aware of your devotion.
You were not hungry.

You visited 1 branch of the dungeon, and saw 4 of its levels.

You collected 94 gold pieces.

Dungeon Overview and Level Annotations

Branches:
Dungeon (4/15)
 Temple: D:4-7

Altars:
Elyvilon
Fedhas
Kikubaaqudgha
Okawaru
Qazlal
Ru
Wu Jian

Annotations:
D:3 Ijyb
D:4 exclusion: ogre

#...........##..............
#...........###.............
.............#
#..>..........
.....###...###
###'##........ ..... #...#
#.##........ ..#+####...###
#.#####'##.. . #........#
#.#.....##.. #(######g#
#.#.######..
#.#.)..#@#####.#.#<..##..
#.#.#<.#....÷..#.###.##..
#.#.############.....##..
#.#^.....#### ########..
#.######....# #.. #.# ####.#
#.. #.#########.#
#.)))....(..# #############


You could see a hobgoblin.

Notes
Turn   | Place    | Note
-------+----------+-------------------------------------------
     0 | D:1      | theanonym the Mummy Warper began the quest for the Orb.
     0 | D:1      | Reached XP level 1. HP: 16/16 MP: 4/4
    90 | D:1      | HP: 8/16 [kobold (3)]
    91 | D:1      | Reached skill level 2 in Axes
    94 | D:1      | Reached XP level 2. HP: 10/22 MP: 5/5
   374 | D:1      | HP: 11/23 [leopard gecko (4)]
   571 | D:1      | HP: 11/23 [jackal (2)]
   577 | D:1      | HP: 8/23 [jackal (1)]
   583 | D:1      | HP: 3/23 [jackal (3)]
  1331 | D:1      | Reached XP level 3. HP: 25/28 MP: 7/7
  1407 | D:2      | HP: 12/28 [worm (7)]
  1611 | D:2      | HP: 7/28 [worm (10)]
  1851 | D:2      | Found a stormy altar of Qazlal.
  1957 | D:2      | Became a worshipper of Qazlal Stormbringer
  2012 | D:1      | HP: 14/28 [adder (1)]
  2016 | D:1      | HP: 5/28 [adder (2)]
  2431 | D:2      | Reached skill level 3 in Axes
  2562 | D:2      | Found an iron altar of Okawaru.
  2779 | D:2      | HP: 11/28 [worm (5)]
  2781 | D:2      | Reached XP level 4. HP: 13/34 MP: 8/8
  3153 | D:2      | Found a white marble altar of Elyvilon.
  3163 | D:2      | Reached skill level 3 in Fighting
  3191 | D:2      | Found an ancient bone altar of Kikubaaqudgha.
  3195 | D:2      | Noticed a human
  3196 | D:2      | Killed a human
  3232 | D:2      | Found an ornate altar of the Wu Jian Council.
  3232 | D:2      | Found a sacrificial altar of Ru.
  3289 | D:3      | Noticed Ijyb
  3291 | D:3      | HP: 1/35 [acid (18)]
  3801 | D:3      | Noticed Robin
  3840 | D:3      | HP: 17/35 [goblin/dagger[Robin] (2)]
  3846 | D:3      | HP: 12/35 [Robin/dagger (3)]
  3847 | D:3      | Killed Robin
  3849 | D:3      | HP: 4/35 [goblin/club[Robin] (2)]
  4243 | D:4      | Found a blossoming altar of Fedhas.
  4250 | D:4      | HP: 17/35 [centaur skeleton (5)]
  4253 | D:4      | Reached XP level 5. HP: 17/41 MP: 9/9
  4444 | D:4      | Noticed an ogre
  4461 | D:4      | HP: 20/41 [leopard gecko (1)]
  4681 | D:4      | HP: 16/41 [dart slug/slug dart (7)]
  4686 | D:3      | HP: 14/41 [jackal (2)]
  4691 | D:3      | Reached * piety under Qazlal
  4691 | D:3      | Reached skill level 4 in Axes
  4736 | D:3      | HP: 13/41 [orc/whip (8)]
  4745 | D:3      | HP: 9/41 [orc/hand axe (2)]
  4762 | D:3      | HP: 8/41 [hobgoblin/club (1)]
  4768 | D:3      | HP: 4/41 [hobgoblin/club (5)]
  4769 | D:3      | HP: 1/41 [hobgoblin/club (3)]
  4770 | D:3      | Slain by a hobgoblin

Vanquished Creatures
  A centaur skeleton (D:4)
  Robin (D:3)
  5 adders
  2 oozes
  4 worms (D:2)
  2 dart slugs
  4 leopard geckos
  3 orcs
  4 giant cockroaches
  6 hobgoblins
  6 jackals
  4 kobolds
  4 bats
  8 frilled lizards
  16 goblins
  3 rats
73 creatures vanquished.

Vanquished Creatures (others)
  A human (D:2)
1 creature vanquished.

Grand Total: 74 creatures vanquished

Table legend:
 A = Turns spent in this place as a percentage of turns spent in the entire game.
 B = Non-inter-level travel turns spent in this place as a percentage of non-inter-level travel turns spent in the entire game.
 C = Inter-level travel turns spent in this place as a percentage of turns spent in this place.
 D = Turns resting spent in this place as a percentage of non-inter-level travel turns spent in this place.
 E = Turns spent auto-exploring this place as a percentage of non-inter-level travel turns spent in this place.
 F = Non-inter-level travel turns spent in this place divided by the number of levels of this place that you've seen.
                   A       B       C       D       E      F
               +-------+-------+-------+-------+-------+----------------------
         Total | 100.0 | 100.0 |   4.8 |  59.9 |  25.4 | 1135.8
       Dungeon | 100.0 | 100.0 |   4.8 |  59.9 |  25.4 | 1135.8
               +-------+-------+-------+-------+-------+----------------------
